 Dungeon Crawl Stone Soup version 0.29.1-15-g9cfb28693d (webtiles) character file.

Game seed: 16210473468315946458

65 justviktor the Shield-Bearer (level 3, -7/33 HPs)
             Began as a Minotaur Fighter on May 1, 2023.
             Killed by divine providence
             ... invoked by an orc priest
              (17 damage)
             ... on level 4 of the Dungeon.
             The game lasted 00:11:36 (611 turns).

justviktor the Shield-Bearer (Minotaur Fighter)      Turns: 611, Time: 00:11:37

Health: -7/33      AC:  9    Str: 22    XL:     3   Next: 92%
Magic:  2/2        EV:  7    Int:  5    God:
Gold:   43         SH:  4    Dex:  9    Spells: 2/2 levels left

rFire   . . .      SeeInvis .   a - +0 long sword
rCold   . . .      Faith    .   c - +0 buckler
rNeg    . . .      Spirit   .   g - +0 chain mail
rPois   .          Reflect  .   (helmet restricted)
rElec   .          Harm     .   (no cloak)
rCorr   .          Rampage  .   (no gloves)
Will    .....                   (no boots)
Stlth   ..........              (no amulet)
HPRegen 0.11/turn               (no ring)
MPRegen 0.08/turn               (no ring)

@: no status effects
A: horns 2, retaliatory headbutt
a: no special abilities


You were on level 4 of the Dungeon.
You visited 1 branch of the dungeon, and saw 4 of its levels.

You collected 43 gold pieces.

Inventory:

Hand Weapons
 a - a +0 long sword (weapon)
 f - a +0 short sword
Armour
 b - a +0 scale mail
 c - a +0 buckler (worn)
 e - a +0 ring mail
 g - a +0 chain mail (worn)


   Skills:
 + Level 4.0 Fighting
 + Level 3.0 Long Blades
 + Level 4.3 Armour
 + Level 0.3 Dodging
 + Level 4.6 Shields


You had 2 spell levels left.
You didn't know any spells.
Your spell library was empty.

Dungeon Overview and Level Annotations

Branches:
Dungeon (4/15)
 Temple: D:4-7

Altars:


Innate Abilities, Weirdness & Mutations

You have a pair of horns on your head.
You reflexively headbutt those who attack you in melee.


Message History

The orc priest is moderately wounded.
The orc wizard mumbles some strange words.
The orc wizard flickers and vanishes!
Deactivating autopickup; reactivate with Ctrl-A.
The orc priest barely misses you. You furiously retaliate!
You headbutt the orc priest!
The orc wizard hits you but does no damage.
You hit the orc priest.
You kill the orc priest!
The orc priest miscasts a cantrip.
The orc wizard hits you but does no damage.
The orc wizard hits you with a +0 dagger.
Your Fighting skill increases to level 4!
Your Long Blades skill increases to level 3!
The orc wizard hits you but does no damage.
The orc wizard barely misses you.
Things that are here:
a +0 club; a +0 leather armour You barely miss the orc wizard.
The orc priest invokes the aid of Beogh against you.
Beogh smites you!
The orc wizard hits you but does no damage.
You miss something. You block the orc wizard's attack.
The orc priest miscasts a cantrip.
Something hits you but does no damage.
You closely miss something. Your headbutt misses something.
You hear some strange, mumbled words.
A magic dart appears from out of thin air!
The magic dart hits you but does no damage.
The orc wizard barely misses you.
You hit something. Something hits you.
The orc priest hits you with a +0 hand axe.
You block the orc wizard's attack. The orc priest barely misses you.
The orc wizard hits you but does no damage.
Something hits you but does no damage.
You closely miss something. Something hits you but does no damage.
The orc priest mumbles some strange prayers to Beogh against you.
Beogh smites you!
Ouch! That really hurt!
You die...

..... #... ...#
#... ...# . #....
..# .. .#.... ..#
... ......# #.#
.... ....... #.#
.....
.......###'#......
.......<.o@.......
.........o{.......
.[..........#+#...
.......###+## ..
....... .......
....... .....o.
....


You could see an orc priest and an orc wizard.

Vanquished Creatures
  An orc priest (D:4)
  An adder (D:2)
  An orc (D:4)
  A ball python (D:1)
  2 bats (D:1)
  An endoplasm (D:1)
  2 hobgoblins
  6 jackals (D:1)
  2 quokkas
  A frilled lizard (D:1)
  4 kobolds (D:1)
  2 rats (D:1)
24 creatures vanquished.

Vanquished Creatures (others)
  4 withered plants (D:2)
4 creatures vanquished.

Grand Total: 28 creatures vanquished

Notes
Turn   | Place    | Note
-------+----------+-------------------------------------------
     0 | D:1      | justviktor the Minotaur Fighter began the quest for the
                  | Orb.
     0 | D:1      | Reached XP level 1. HP: 19/19 MP: 0/0
    54 | D:1      | Reached XP level 2. HP: 21/27 MP: 1/1
   427 | D:2      | Reached XP level 3. HP: 28/33 MP: 2/2
   611 | D:4      | Killed from afar by an orc priest

Illustrated notes

Levels and vault maps discovered:
D:1:      matt_arrival_refuge, layout_rooms, minmay_misc_feat_nine_boxes
D:2:      layout_loops_ring, serial_undead, serial_undead_b, serial_undead_b,
          serial_undead_d, serial_undead_e, serial_undead_e, serial_undead_b,
          serial_undead_f, serial_undead_c
D:3:      layout_basic, mainiacjoe_overflow_six_doors_small,
          nicolae_ecumenical_oubliette, uniq_robin, uniq_crazy_yiuf_cottage
D:4:      layout_basic, nicolae_ossuary_entry_giza, uniq_pikel

Skill      XL: |  1  2  3 |
---------------+----------+-----
Shields        | 4 |  4.6
Armour         | 4 |  4.3
Fighting       | 4 |  4.0
Long Blades    | 3 |  3.0
Dodging        | |  0.3

Action                   || total
-------------------------++-------
Melee: Long sword        ||    63
       Headbutt          ||    12
  Use: Scroll            ||     3
       Potion            ||     2
Armor: Scale mail        ||    36
       Chain mail        ||    26
Dodge: Dodged            ||    45
Block: Buckler           ||    27
